 Dungeon Crawl Stone Soup version 0.30.1-9-gdf580d7c3d (webtiles) character file.

Game seed: 7185447413436759209

64 lonewolfV2 the Trooper (level 3, -2/30 HPs)
             Began as a Demonspawn Chaos Knight on Oct 23, 2023.
             Was a Plaything of Xom.
             Killed by divine providence
             ... invoked by an orc priest
              (13 damage)
             ... on level 3 of the Dungeon on Oct 24, 2023.
             The game lasted 00:05:33 (1929 turns).

lonewolfV2 the Trooper (Demonspawn Chaos Knight)    Turns: 1929, Time: 00:05:33

Health: -2/30      AC:  6    Str: 14    XL:     3   Next: 91%
Magic:  3/3        EV: 11    Int: 13    God:    Xom [......]
Gold:   105        SH:  0    Dex: 14    Spells: 2/2 levels left

rFire   . . .        a - +0 hand axe (chaos)
rCold   . . .        (no shield)
rNeg    + . .        b - +3 leather armour
rPois   +            (no helmet)
rElec   .            (no cloak)
rCorr   .            (no gloves)
SInv    .            (no boots)
Will    .....        (no amulet)
Stlth   ++           i - ring of poison resistance
HPRegen 0.25/turn    e - ring of positive energy
MPRegen 0.08/turn

%: no passive effects
@: disjoining
A: thin skeletal structure 1, powered by pain 1
a: Renounce Religion


You were on level 3 of the Dungeon.
You worshipped Xom.
You were a very special plaything of Xom.
You visited 1 branch of the dungeon, and saw 3 of its levels.

You collected 105 gold pieces.

Inventory:

Hand Weapons
 a - a +0 hand axe of chaos (weapon)
Armour
 b - a +3 leather armour (worn)
Jewellery
 e - a ring of positive energy (right hand)
 i - a ring of poison resistance (left hand)
Potions
 d - a potion of flight {unknown}
 f - a potion of brilliance
 g - a potion of mutation {unknown}
 h - a potion of degeneration {unknown}
Miscellaneous
 c - a piece from Xom's chessboard (15/15) (quivered)


   Skills:
 + Level 3.7 Fighting
 + Level 3.3 Axes
 + Level 2.6 Armour
 - Level 0.8 Dodging


You had 2 spell levels left.
You didn't know any spells.
Your spell library contained the following spells:

 Spells                   Type           Power      Damage    Failure   Level
 Cigotuvi's Dreadful Rot  Necr/Pois/Air  0%         N/A       50%         2
 Ensorcelled Hibernation  Hex/Ice        0%         N/A       50%         2
 Passwall                 Tmut/Erth      0%         N/A       50%         2
 Ignite Poison            Fire/Tmut/Pois 0%         N/A       75%         3
 Swiftness                Air            0%         N/A       75%         3
 Animate Dead             Necr           0%         N/A       98%         4
 Borgnjor's Vile Clutch   Necr/Erth      0%         N/A       100%        5
 Freezing Cloud           Conj/Ice/Air   0%         6-21      100%        5
 Death Channel            Necr           0%         N/A       100%        6


Dungeon Overview and Level Annotations

Branches:
Dungeon (3/15)

Altars:


Innate Abilities, Weirdness & Mutations

You have a somewhat thin skeletal structure. (Dex +2, Stealth+)
You sometimes gain a little power by taking damage.


Message History

The orc priest misses you. The orc closely misses you.
There is a stone staircase leading up here.
You hit the adder.
The adder is heavily wounded.
You closely miss the orc. The adder bites you but does no damage.
The orc priest hits you from afar with a +0 trident.
The orc barely misses you. The adder barely misses you.
You closely miss the adder.
The adder is heavily wounded.
You hit the orc. You burn the orc. The adder bites you but does no damage.
The orc priest hits you but does no damage.
You closely miss the adder.
The adder is heavily wounded.
You hit the orc wizard but do no damage.
You hit the orc but do no damage.
The orc is poisoned.
Xom plays with reality for a moment.
The orc blinks!
The orc wizard blinks!
You are now a very special plaything of Xom.
The adder bites you. The orc priest barely misses you.
The adder closely misses you.
You hit the adder but do no damage.
The adder is heavily wounded.
You hit the orc. You freeze the orc.
The orc priest blinks!
The adder blinks!
The orc blinks!
The orc wizard gestures at you while chanting.
The puff of flame hits you.
The orc priest calls down the wrath of Beogh upon you.
Beogh smites you!
The orc wizard blinks!
You kill the orc!
The orc wizard casts a spell at you. The magic dart hits you.
The orc priest begins to cast a cantrip, but forgets the words!
There is a stone staircase leading up here.
Okay, then.
You can't go down here!
The orc priest calls down the wrath of Beogh upon you.
Beogh smites you!
You die...
Xom titters!

########
##......##
##.(......##
#.....ยง....#
#...@......#
#....).....#
#.....o....##
#....S..>...<
##........#.#
#.oo........
#............
....$(........
..............#


You could see an orc priest, an orc wizard, an adder and an orc.

Vanquished Creatures
  A worm (D:2)
  2 dart slugs (D:1)
  3 orcs
  8 bats
  7 endoplasms
  3 giant cockroaches
  2 goblins (D:1)
  3 hobgoblins
  4 jackals
  A kobold (D:2)
  2 quokkas (D:2)
  5 ball pythons
  2 frilled lizards (D:2)
  8 rats
51 creatures vanquished.

Notes
Turn   | Place    | Note
-------+----------+-------------------------------------------
     0 | D:1      | lonewolfV2 the Demonspawn Chaos Knight began the quest for
                  | the Orb.
     0 | D:1      | Reached XP level 1. HP: 18/18 MP: 1/1
   229 | D:1      | Gained mutation: You sometimes gain a little power by
                  | taking damage. [demonic ancestry]
   229 | D:1      | Reached XP level 2. HP: 24/24 MP: 2/2
   602 | D:1      | Gained mutation: You have a somewhat thin skeletal
                  | structure. (Dex +2, Stealth+) [demonic ancestry]
   602 | D:1      | Reached XP level 3. HP: 29/29 MP: 3/3
  1207 | D:2      | XOM: divination: detect items
  1342 | D:2      | XOM: polymorph goblin -> orc
  1379 | D:2      | XOM: divination: detect items
  1665 | D:3      | XOM: silly message
  1918 | D:2      | XOM: silly message
  1925 | D:3      | XOM: cast spell 'Disjunction'
  1929 | D:3      | Killed from afar by an orc priest

Illustrated notes

Levels and vault maps discovered:
D:1:      dpeg_arrival_prison, layout_basic
D:2:      layout_loops_ring, minmay_3d_cube
D:3:      layout_rooms, fedhas_altar_4, kiku_gazebo_garden_becter,
          minmay_joined_circles, uniq_terence, uniq_robin, uniq_natasha

Skill      XL: |  1  2 |
---------------+-------+-----
Armour         | 2 |  2.6
Axes           | 3 |  3.3
Fighting       | |  3.7
Dodging        | |  0.8

Action                     || total
---------------------------++-------
  Melee: Hand axe          ||   114
    Use: Scroll            ||     3
   Stab: Sleeping          ||     4
         Paralysed         ||     2
 Armour: Leather armour    ||    46
  Dodge: Dodged            ||    73
